 Dungeon Crawl Stone Soup version 0.30-a0-591-g3c58d2bc28 (webtiles) character file.

Game seed: 13645654608598228944

249 funkygono the Firebug (level 5, -5/35 HPs)
             Began as a Demonspawn Fire Elementalist on Jan 5, 2023.
             Slain by Pikel
             ... wielding a +1 whip of flaming
              (7 damage)
             ... on level 4 of the Dungeon.
             The game lasted 00:06:46 (3353 turns).

funkygono the Firebug (DsFE)                        Turns: 3353, Time: 00:06:46

Health: -5/35      AC:  5    Str:  8    XL:     5   Next: 87%
Magic:  0/10       EV: 27    Int: 18    God:
Gold:   164        SH:  0    Dex: 14    Spells: 1/11 levels left

rFire   . . .      SeeInvis .    l - +1 flail (protect)
rCold   . . .      Faith    .    (no shield)
rNeg    . . .      Spirit   .    a - +0 robe
rPois   .          Reflect  .    (no helmet)
rElec   .          Harm     .    v - +1 cloak
rCorr   .          Rampage  .    r - +0 pair of gloves
Will    .....                    (no boots)
Stlth   ++                       t - amulet of the acrobat
HPRegen 0.25/turn                (no ring)
MPRegen 0.12/turn                (no ring)

@: acrobatic, very slightly contaminated
A: claws 2, powered by death 1
a: no special abilities


You were on level 4 of the Dungeon.
You visited 1 branch of the dungeon, and saw 4 of its levels.

You collected 164 gold pieces.

Inventory:

Hand Weapons
 j - a +1 morningstar
 l - a +1 flail of protection (weapon)
 q - a +0 whip
Armour
 a - a +0 robe (worn)
 f - a +0 leather armour
 r - a +0 pair of gloves (worn)
 s - an orb of energy
 v - a +1 cloak (worn)
Jewellery
 e - a ring of protection from fire
 p - a ring of ice
 t - an amulet of the acrobat (around neck)
Scrolls
 i - a scroll of summoning
 n - 2 scrolls of amnesia
 u - a scroll of teleportation
Potions
 b - a potion of magic
 c - a potion of flight {unknown}
 d - 2 potions of attraction
 g - a potion of berserk rage {unknown}
 h - 2 potions of might
 k - a potion of invisibility {unknown}
 m - a potion of lignification {unknown}
 o - 3 potions of curing {unknown}


   Skills:
 + Level 2.1 Dodging
 - Level 1.7 Stealth
 + Level 3.8 Spellcasting
 + Level 2.5 Conjurations
 + Level 4.3 Fire Magic


You had one spell level left.
You knew the following spells:

 Your Spells              Type           Power      Damage    Failure   Level
a - Foxfire               Conj/Fire      60%        2x1d7     3%          1
b - Scorch                Fire           38%        2d6       3%          2
c - Kindle Blastsparks    Fire/Tloc/Air  16%        2d11      26%         3
d - Flame Wave            Conj/Fire      15%        2d7       36%         4

Your spell library contained the following spells:

 Spells                   Type           Power      Damage    Failure   Level
 Static Discharge         Conj/Air       16%        2-3/arc   14%         2
 Inner Flame              Hex/Fire       11%        N/A       19%         3
 Stone Arrow              Conj/Erth      16%        3d8       26%         3
 Summon Guardian Golem    Hex/Summ       3%         N/A       41%         3
 Vhi's Electric Charge    Tloc/Air       6%         N/A       41%         3
 Animate Armour           Summ/Erth      6%         N/A       83%         4
 Arcjolt                  Conj/Air       4%         1d14      94%         5
 Lightning Bolt           Conj/Air       4%         1d15      94%         5
 Orb of Destruction       Conj           6%         9d6       100%        7
 Spellforged Servitor     Conj/Summ      4%         N/A       100%        7
 Lehudib's Crystal Spear  Conj/Erth      4%         10d3      100%        8


Dungeon Overview and Level Annotations

Branches:
Dungeon (4/15)
 Temple: D:4-7

Altars:

Shops:
D:3 ([[??

Annotations:
D:4 Dowan, Pikel


Innate Abilities, Weirdness & Mutations

You have very sharp fingernails.
You regenerate a little health from kills.


Message History

Pikel hits you with a +1 whip of flaming.
Pikel burns you. Pikel attacks as you move away! Pikel closely misses you.
Pikel is no longer more vulnerable to fire.
Pikel attacks as you move away! Pikel closely misses you.
Pikel attacks as you move away! Pikel closely misses you.
The lemure is no longer more vulnerable to fire.
Pikel says, "You'll make a fine lemure."
Pikel attacks as you move away! Pikel misses you.
You see here a +0 dagger.
Pikel attacks as you move away! Pikel closely misses you.
Casting: Scorch (safe; 3% risk of failure)
Confirm with . or Enter, or press ? or * to list all spells.
You miscast Foxfire.
You are very lightly contaminated with residual magic.
Nothing appears to happen.
Pikel barely misses you.
Casting: Foxfire (safe; 3% risk of failure)
Confirm with . or Enter, or press ? or * to list all spells.
You conjure some foxfire!
Pikel barely misses you.
The foxfire hits the lemure but does no damage.
The lemure is almost dead.
Casting: Foxfire (safe; 3% risk of failure)
Confirm with . or Enter, or press ? or * to list all spells.
You conjure some foxfire!
The foxfire hits Pikel.
Pikel is moderately wounded.
Pikel hits you with a +1 whip of flaming!
Pikel burns you.
Casting: Foxfire (safe; 3% risk of failure)
Confirm with . or Enter, or press ? or * to list all spells.
You don't have enough magic to cast this spell.
Unknown command.
Your foxfire dissipates!
The foxfire hits Pikel but does no damage.
Pikel is moderately wounded.
The lemure attacks as you move away! The lemure completely misses you.
Pikel attacks as you move away!
Pikel hits you with a +1 whip of flaming!
* * * LOW HITPOINT WARNING * * *
Pikel burns you!
You die...

#.# #.# #.# #.# #.#
#.# #.# #.# #.# #.#
#.####.#
#.###########)......
#...5.5....#######.#
#..@K.h..5..)......#
##.#######.#######...
#..# #.# #.## #.##
#.# #5.. #.# #.# #..#
#.# #.# #5.# #<# #.#
##.# #.# #.# #.#. #.#
#.. ..###


You could see Pikel (strong), 3 lemures and a hound.

Vanquished Creatures
  A bullfrog (D:3)
  A jelly (D:4)
  An orc priest (D:1)
  4 adders
  2 worms (D:2)
  A dart slug (D:1)
  9 orcs
  6 bats
  4 endoplasms
  A giant cockroach (D:2)
  7 hobgoblins
  4 jackals (D:2)
  5 kobolds
  3 quokkas
  8 ball pythons
  6 frilled lizards
  9 goblins
  3 rats
75 creatures vanquished.

Vanquished Creatures (others)
  192 foxfires
  A plant (D:4)
193 creatures vanquished.

Grand Total: 268 creatures vanquished

Notes
Turn   | Place    | Note
-------+----------+-------------------------------------------
     0 | D:1      | funkygono the Demonspawn Fire Elementalist began the quest
                  | for the Orb.
     0 | D:1      | Reached XP level 1. HP: 13/13 MP: 3/3
   209 | D:1      | Reached skill level 3 in Fire Magic
   263 | D:1      | Gained mutation: You have sharp fingernails. [demonic
                  | ancestry]
   263 | D:1      | Reached XP level 2. HP: 15/19 MP: 0/5
   266 | D:1      | Learned a level 2 spell: Scorch
  1126 | D:1      | Reached XP level 3. HP: 24/24 MP: 4/6
  1130 | D:1      | Learned a level 3 spell: Kindle Blastsparks
  1345 | D:2      | Gained mutation: You have very sharp fingernails. [demonic
                  | ancestry]
  1345 | D:2      | Reached XP level 4. HP: 25/30 MP: 1/8
  1849 | D:2      | Found a faded altar of an unknown god.
  2433 | D:3      | Gained mutation: You regenerate a little health from kills.
                  | [demonic ancestry]
  2433 | D:3      | Reached XP level 5. HP: 35/35 MP: 5/10
  2646 | D:3      | Reached skill level 4 in Fire Magic
  2724 | D:3      | Found Routz's Magic Scroll Shoppe.
  2730 | D:3      | Found Hoalank's Antique Armour Shop.
  2736 | D:3      | Found Qouclewn's Armour Emporium.
  2765 | D:3      | Found Sadiotul's Magic Scroll Shoppe.
  2861 | D:3      | Found Ocrachaw's Antique Weapon Shoppe.
  3075 | D:3      | Learned a level 4 spell: Flame Wave
  3225 | D:4      | Noticed Dowan
  3313 | D:4      | Noticed a lemure
  3315 | D:4      | Noticed Pikel
  3316 | D:4      | Noticed a lemure
  3316 | D:4      | Noticed a lemure
  3321 | D:4      | Noticed a lemure
  3353 | D:4      | Slain by Pikel

Illustrated notes

Levels and vault maps discovered:
D:1:      lightli_arrival_noodles, layout_loops_corners
D:2:      layout_rooms, ebering_ecumenical_altar_abandoned
D:3:      layout_loops_ring, serial_shops, nicolae_shop_crystal, shop_scrolls,
          shop, nicolae_shop_waterfront, shop_statue
D:4:      layout_loops_ring, grunt_temple_overflow_forces_of_nature,
          serial_demonic, serial_demonic_b, serial_demonic_c, serial_demonic_d,
          serial_demonic_c, minmay_mini_ossuary, uniq_sigmund, uniq_pikel,
          uniq_duvessa

Skill      XL: |  1  2  3  4  5 |
---------------+----------------+-----
Fire Magic     | 3 4 |  4.3
Dodging        | 2 |  2.1
Spellcasting   | 3 |  3.8
Conjurations   | 2 |  2.5
Stealth        | |  1.7

Action                   |  1- 3 |  4- 6 || total
-------------------------+-------+-------++-------
Melee: Club              |     1 |       ||     1
       Morningstar       |       |     1 ||     1
       Flail             |       |     1 ||     1
 Cast: Foxfire           |    41 |    75 ||   116
       Scorch            |     4 |    12 ||    16
  Use: Scroll            |       |     8 ||     8
Armor: Robe              |     9 |     7 ||    16
Dodge: Dodged            |    14 |    21 ||    35

Table legend: (Time is in decaauts)
 A = Elapsed time spent in this place.
 B = Non-inter-level travel time spent in this place.
 C = Inter-level travel time spent in this place.
 D = Time resting spent in this place.
 E = Time spent auto-exploring this place.
 F = Levels seen in this place.
 G = Mean time per level.
                   A        B        C        D        E       F      G
               +--------+--------+--------+--------+--------+-----+--------+
         Total |   3355 |   3247 |    108 |     49 |   2603 |   4 |  838.8 |
       Dungeon |   3355 |   3247 |    108 |     49 |   2603 |   4 |  838.8 |
               +--------+--------+--------+--------+--------+-----+--------+

Top non-repeatable levels by time:
     D:1: 1321 daAuts
     D:2: 946 daAuts
     D:3: 829 daAuts
     D:4: 257 daAuts
